 Dungeon Crawl Stone Soup version 0.18-a0-1157-g59db91b (webtiles) character file.

42 st0uf the Ruffian (level 3, 0/28 HPs)
             Began as a Draconian Transmuter on Jan 23, 2016.
             Was an Initiate of Vehumet.
             Slain by an adder (5 damage)
             ... on level 2 of the Dungeon.
             The game lasted 00:05:51 (1509 turns).

st0uf the Ruffian (Draconian Transmuter)            Turns: 1509, Time: 00:05:51

Health: 0/28       AC:  5    Str: 12    XL:     3   Next: 35%
Magic:  6/6        EV: 12    Int: 14    God:    Vehumet [......]
Gold:   42         SH:  0    Dex: 11    Spells: 1 memorised, 5 levels left

rFire  . . .     SeeInvis .       - Unarmed
rCold  . . .     Gourm    .     (armour unavailable)
rNeg   . . .     Faith    .     (no shield)
rPois  .         Spirit   .     (helmet restricted)
rElec  .         Dismiss  .     (no cloak)
rCorr  .         Reflect  .     (no gloves)
SustAt .         Harm     .     (no boots)
MR     .....                    (no amulet)
Stlth  +.........               (no ring)
                                (no ring)

@: lethally poisoned (0 -> -9), appendage (expiring), not resistant to hostile
enchantments, very unstealthy
A: unfitting armour, horns 2, cold-blooded, AC +5
a: End Transformation, Renounce Religion


You were on level 2 of the Dungeon.
You worshipped Vehumet.
Vehumet was noncommittal.
You were not hungry.
You had grown temporary horns.
You visited 1 branch of the dungeon, and saw 2 of its levels.

You collected 42 gold pieces.

Inventory:

Missiles
 a - 25 arrows
Wands
 i - a wand of random effects (20/48)
Scrolls
 d - a scroll of recharging {unknown}
 e - 3 scrolls of identify {unknown}
 f - a scroll of remove curse {unknown}
 h - 2 scrolls of magic mapping {unknown}
 k - a scroll of blinking {unknown}
 l - a scroll of noise {unknown}
Potions
 j - a potion of curing {unknown}
Books
 b - a book of Changes

   Spells                             Type                      Level
   a - Beastly Appendage              Transmutation                1
   b - Sticks to Snakes               Transmutation                2
   c - Spider Form                    Transmutation/Poison         3
   d - Ice Form                       Ice/Transmutation            4
   e - Blade Hands                    Transmutation                5
Comestibles
 c - a bread ration
 g - 5 chunks of flesh


   Skills:
 + Level 1.1 Fighting
 + Level 2.2 Dodging
 + Level 3.3 Unarmed Combat
 + Level 2.3 Spellcasting
 * Level 2.6 Transmutations


You had 5 spell levels left.
You knew the following spells:

 Your Spells              Type           Power        Failure   Level  Hunger
a - Beastly Appendage     Trmt           #.....       10%         1    #......


Dungeon Overview and Level Annotations

Branches:
Dungeon (2/15)

Altars:
Trog
Vehumet


Innate Abilities, Weirdness & Mutations

Your plain brown scales are hard (AC +5).
Your body does not fit into most forms of armour.
You are cold-blooded and may be slowed by cold attacks.
You have a pair of horns on your head.


Message History

You miss something.
Something bites you but does no damage. x2
You miss something. Something bites you.
You barely miss something. Your headbutt misses something. Something bites you.
You miss something. Your headbutt misses something. You tail-slap something.
Something bites you.
You are poisoned.
Something poisons you!
You barely miss something.
You feel sick. Something bites you.
* * * LOW HITPOINT WARNING * * *
Something bites you.
* * * LOW HITPOINT WARNING * * *
You are lethally poisoned!
Something poisons you!
You barely miss something.
Your transformation is almost over.
* * * LOW HITPOINT WARNING * * *
You feel sick. Something bites you.
* * * LOW HITPOINT WARNING * * *
You hit something. Your headbutt misses something. Something bites you.
You die...

#........ ######.######
#......## #...........#
#......## #.........!.#
#...[.... #).$?.......#
#........ #...........#
#####'#.. #...........#
#.#.. #...........# #.##.
#.....@.....# #.##.
#...........# #<##.
..#.<...######## #####.
................####....#
##.......####............
.........# #............
.....#...................
..(..#...................
.... ....................


There were no monsters in sight!

Vanquished Creatures
  An adder (D:2)
  An ooze (D:1)
  A giant cockroach (D:1)
  A goblin (D:1)
  5 hobgoblins (D:1)
  3 jackals (D:1)
  A ball python (D:1)
  5 bats (D:1)
  5 kobolds (D:1)
  4 rats (D:1)
27 creatures vanquished.

Notes
Turn   | Place    | Note
--------------------------------------------------------------
     0 | D:1      | st0uf the Draconian Transmuter began the quest for the Orb.
     0 | D:1      | Reached XP level 1. HP: 16/16 MP: 3/3
   159 | D:1      | Reached XP level 2. HP: 2/23 MP: 3/5
  1053 | D:1      | Reached XP level 3. HP: 28/28 MP: 4/6
  1369 | D:2      | Found a bloodstained altar of Trog.
  1462 | D:2      | Found a radiant altar of Vehumet.
  1470 | D:2      | Became a worshipper of Vehumet
  1509 | D:2      | Slain by an adder

Vault maps used:
D:1:      dpeg_arrival_concentric_ovals
D:2:      elyvilon_altar_3, grunt_temple_overflow_open, first_bread,
          nicolae_qazlal_eye_of_the_storm

Action                   || total
-------------------------++-------
Melee: Unarmed           ||   126
 Cast: Beastly Appendage ||    15
Evoke: Wand              ||     3
  Eat: Chunk             ||     2
